Map: [ESL] Ancient Cistern

Players

SKillous - Winner!

  • Race: Protoss Protoss
  • Spawn Location: 7:00

ShoWTimE

  • Race: Protoss Protoss
  • Spawn Location: 1:00

Event: ESL SC2 Masters 2023 Summer (Finals)

VOD

Have the link to the VOD?

Description

Time

  • Played on: June 16, 2023, 12:11 p.m.
  • Length: 6:33

All games in this series

Show
View Real Time Build Order
Export as new Build Order

SKillous Protoss - Winner!

Build Orders:  

Get SALT Encoding   

  12  0:00  Probe  
  13  0:12  Probe  
  14  0:17  Pylon  
  14  0:24  Probe  
  15  0:35  Gateway  
  15  0:36  Probe (Chrono Boost)  
  16  0:43  Assimilator  
  16  0:46  Probe (Chrono Boost)  
  17  0:51  Assimilator  
  17  0:52  Probe  
  18  1:03  Gateway  
  18  1:06  Probe (Chrono Boost)  
  19  1:16  Probe (Chrono Boost)  
  20  1:22  Probe  
  20  1:24  Cybernetics Core  
  21  1:34  Probe  
  21  1:35  Pylon  
  22  1:46  Probe  
  23  1:58  Probe, Warp Gate (Chrono Boost)  
  23  2:00  Stalker, Sentry  
  28  2:11  Pylon  
  28  2:23  Sentry  
  30  2:33  Stalker  
  32  2:37  Pylon  
  32  2:47  Sentry  
  34  2:54  Nexus  
  34  3:02  Gateway  
  34  3:09  Stalker  
  36  3:15  Probe  
  37  3:27  Probe (Chrono Boost)  
  37  3:34  Twilight Council  
  38  3:39  Probe (Chrono Boost)  
  39  3:44  Probe (Chrono Boost)  
  39  3:48  Stalker x2  
  44  3:54  Probe  
  45  3:58  Stalker  
  47  4:05  Blink (Chrono Boost)  
  47  4:06  Probe  
  47  4:09  Probe  
  49  4:18  Probe  
  49  4:21  Probe  
  51  4:26  Stalker  
  51  4:30  Stalker  
  55  4:33  Probe  
  55  4:35  Probe  
  57  4:42  Stalker  
  57  4:45  Probe  
  60  4:52  Stalker  
  60  4:57  Pylon  
  62  5:01  Shield Battery  
  62  5:03  Probe  
  62  5:05  Stalker  
  60  5:09  Stalker  
  60  5:12  Probe  
  61  5:19  Stalker  
  63  5:22  Pylon  
  63  5:23  Assimilator  
  63  5:26  Probe  
  64  5:28  Stalker  
  64  5:31  Probe  
  64  5:35  Stalker  
  69  5:38  Probe  
  70  5:46  Stalker  
  73  5:50  Probe x2  
  73  5:54  Stalker  
  76  6:01  Pylon  
  76  6:08  Robotics Facility  
  76  6:12  Stalker  
  78  6:19  Probe x2  
  78  6:23  Stalker x2  
Show
View Real Time Build Order
Export as new Build Order

ShoWTimE Protoss 

Build Orders: Phoenix Opening 

Get SALT Encoding   

  12  0:00  Probe  
  13  0:12  Probe  
  14  0:16  Pylon  
  14  0:24  Probe (Chrono Boost)  
  15  0:35  Gateway  
  15  0:36  Probe (Chrono Boost)  
  16  0:44  Probe (Chrono Boost)  
  16  0:45  Assimilator  
  17  0:51  Probe  
  18  1:03  Probe (Chrono Boost)  
  19  1:04  Assimilator  
  19  1:09  Gateway  
  19  1:13  Probe (Chrono Boost)  
  19  1:18  Probe (Chrono Boost)  
  20  1:23  Cybernetics Core  
  21  1:29  Probe  
  22  1:34  Pylon  
  22  1:41  Probe  
  23  1:53  Probe  
  24  1:56  Warp Gate (Chrono Boost)  
  24  1:59  Stalker  
  28  2:05  Sentry  
  29  2:12  Pylon  
  28  2:28  Stalker  
  30  2:30  Stalker  
  32  2:37  Phoenix  
  32  2:55  Nexus  
  32  2:58  Probe, Stalker  
  34  3:03  Sentry  
  37  3:10  Probe  
  38  3:19  Pylon  
  38  3:23  Probe  
  38  3:24  Twilight Council  
  39  3:37  Probe  
  39  3:39  Stalker, Sentry  
  44  3:49  Probe  
  44  3:51  Shield Battery  
  45  4:01  Probe  
  45  4:02  Phoenix  
  44  4:03  Adept  
  44  4:06  Adept  
  44  4:08  Probe  
  49  4:11  Blink (Chrono Boost)  
  49  4:13  Probe  
  50  4:20  Probe  
  51  4:26  Probe  
  52  4:32  Probe  
  52  4:38  Probe  
  54  4:39  Stalker x2  
  54  4:44  Probe  
  59  4:50  Probe  
  60  4:53  Pylon  
  60  4:56  Probe  
  61  5:02  Probe  
  60  5:11  Stalker  
  60  5:12  Probe, Stalker  
  59  5:14  Probe  
  58  5:22  Pylon  
  58  5:26  Probe  
  59  5:29  Probe  
  59  5:31  Nexus, Gateway  
  59  5:34  Stalker  
  62  5:37  Stalker  
  64  5:42  Robotics Facility  
  64  5:43  Probe  
  65  5:50  Probe  
  65  5:52  Assimilator  
  65  5:54  Pylon  
  65  5:55  Pylon  
  66  5:58  Stalker  
  66  6:04  Shield Battery  
  66  6:09  Stalker  
  68  6:11  Probe  
  68  6:14  Shield Battery  
  67  6:22  Stalker  
  60  6:29  Stalker  
Tags
 
Add a new tag
Caveats
  • Supply blocks, unpowered buildings, or Contaminate may cause inaccurate times.
  • Supply counts are checked every 10 seconds.